 Dungeon Crawl Stone Soup version 0.31-a0-702-gf82c85558f (webtiles) character file.

Game seed: 6770616567802667980

238 qw the Shooter (level 6, 0/38 HPs)
             Began as a Gargoyle Hunter on Sept 8, 2023.
             Slain by an orc warrior
             ... wielding a +0 flail
              (8 damage)
             ... on level 4 of the Dungeon.
             The game lasted 00:01:07 (2451 turns).

qw the Shooter (Gargoyle Hunter)                    Turns: 2451, Time: 00:01:07

Health: 0/38       AC: 13    Str: 15    XL:     6   Next: 7%
Magic:  6/6        EV: 11    Int:  9    God:
Gold:   89         SH:  0    Dex: 15    Spells: 5/5 levels left

rFire   . . .        Y - +0 shortbow
rCold   + . .        (shield currently unavailable)
rNeg    + . .        i - +2 ring mail {rC+}
rPois   inf          j - +0 helmet
rElec   +            (no cloak)
rCorr   .            c - +0 pair of gloves
SInv    +            (no boots)
Will    .....        (no amulet)
Stlth   +            b - ring of see invisible
HPRegen 0.26/turn    (no ring)
MPRegen 0.10/turn

%: no passive effects
@: no status effects
A: sickness immunity, AC +4, negative energy resistance 1, electricity
resistance, torment resistance 1, petrification resistance
a: no special abilities


You were on level 4 of the Dungeon.
You visited 1 branch of the dungeon, and saw 4 of its levels.

You collected 141 gold pieces.
You spent 52 gold pieces at shops.


Innate Abilities, Weirdness & Mutations

You are immune to sickness and miasma.
Your stone body is resilient. (AC +4)
You are immune to poison.
You resist negative energy. (rN+)
You are resistant to electric shocks. (rElec)
You are resistant to unholy torment.
You are immune to petrification.


   Skills:
 - Level 4.1 Fighting
 + Level 6.2 Ranged Weapons
 - Level 1.0 Armour
 - Level 1.5 Dodging
 - Level 1.1 Stealth


You had 5 spell levels left.
You didn't know any spells.
Your spell library was empty.

Inventory:

Hand Weapons
 Y - a +0 shortbow (weapon)
Armour
 c - a +0 pair of gloves (worn)
 i - a +2 ring mail of cold resistance (worn)
 j - a +0 helmet (worn)
Jewellery
 a - a ring of ice
 b - a ring of see invisible (left hand)
Scrolls
 d - 2 scrolls of identify
 f - a scroll of enchant weapon {unknown}
 h - a scroll of revelation {unknown}
Potions
 e - a potion of mutation {unknown}
 g - a potion of might

Dungeon Overview and Level Annotations

Branches:
Dungeon (4/15)
 Temple: D:4-7

Altars:
Qazlal
Trog

Shops:
D:2 ?


Message History

The orc warrior closely misses you.
You shoot an arrow.
The arrow hits the orc warrior but does no damage.
The orc warrior is moderately wounded.
The orc warrior misses you.
The orc warrior hits you but does no damage.
You shoot an arrow.
The arrow barely misses the orc warrior.
The arrow closely misses the orc wizard.
The arrow barely misses the orc.
The orc warrior hits you with a +0 flail!
You shoot an arrow.
The arrow closely misses the orc warrior.
The arrow hits the orc wizard!
The orc wizard is heavily wounded.
The orc warrior hits you with a +0 flail!
You shoot an arrow.
The arrow barely misses the orc warrior.
The arrow hits the orc wizard.
The orc wizard is severely wounded.
The orc warrior misses you.
You shoot an arrow.
The arrow closely misses the orc warrior.
The arrow hits the orc wizard.
The orc wizard is severely wounded.
The orc warrior hits you but does no damage.
You shoot an arrow.
The arrow hits the orc warrior but does no damage.
The orc warrior is moderately wounded.
The orc warrior misses you.
The orc wizard casts a spell.
The orc wizard flickers and vanishes for a moment.
The orc warrior hits you with a +0 flail.
You shoot an arrow. The arrow hits the orc warrior.
The orc warrior is moderately wounded.
The orc warrior hits you with a +0 flail!
You shoot an arrow. The arrow hits the orc warrior.
The orc warrior is moderately wounded.
The orc warrior hits you with a +0 flail!
You die...

#.######+## .~
###...... ... .~~
.gg###g##### # .~~#
8g#!###.^.###
.~~#####..........
.~~~~~~~~~~~~~~~~~
.~~~~~~~~~~~~~~~~~
..........@ooo...)
#####...######...
###.# #.####
#....#### .#
####....#
..##########.#####
#.......##.......#
##........#.......#


You could see an orc warrior, a gnoll bouda, an orc wizard (invisible), 3 gnolls
and an orc.

Vanquished Creatures
  An orc priest (D:3)
  An iguana (D:3)
  An orc wizard (D:3)
  Robin (D:2)
  6 adders
  3 worms
  2 orcs
  5 ball pythons
  2 bats (D:1)
  7 endoplasms
  4 giant cockroaches
  14 goblins
  7 hobgoblins
  6 jackals
  4 kobolds
  A quokka (D:3)
  5 frilled lizards
  7 rats
77 creatures vanquished.

Notes
Turn   | Place    | Note
-------+----------+-------------------------------------------
     0 | D:1      | qw the Gargoyle Hunter began the quest for the Orb.
     0 | D:1      | Reached XP level 1. HP: 12/12 MP: 1/1
     0 | D:1      | 0 ||| qw: Version: 0.3-a-76-g4403597
     0 | D:1      | 0 ||| qw: Game counter: 978
     0 | D:1      | 0 ||| qw: Melee chars always use a shield: true
     0 | D:1      | 0 ||| qw: God list: Okawaru
     0 | D:1      | 0 ||| qw: Allow faded altars: false
     0 | D:1      | 0 ||| qw: Do Orc after clearing Dungeon:15 true
     0 | D:1      | 0 ||| qw: Do second Lair branch before Depths: true
     0 | D:1      | 0 ||| qw: Lair rune preference: random
     0 | D:1      | 0 ||| qw: Goals: Normal
     0 | D:1      | 0 ||| PLANNING D:1-11
   207 | D:1      | Reached XP level 2. HP: 17/17 MP: 2/2
   724 | D:1      | 724 ||| UPGRADING to +2 ring mail of cold resistance.
   734 | D:1      | 734 ||| DROPPING +0 leather armour.
   735 | D:1      | 735 ||| READING scroll labelled ANUXU KOUPH.
   736 | D:1      | 736 ||| READING scroll labelled HUSOXZ HOOKHLE.
   737 | D:1      | 737 ||| DRINKING 2 pink potions.
   738 | D:1      | 738 ||| DROPPING scroll of butterflies.
   739 | D:1      | 739 ||| DROPPING potion of brilliance.
   860 | D:2      | Found a faded altar of an unknown god.
   871 | D:2      | Reached XP level 3. HP: 21/21 MP: 3/3
   876 | D:2      | Reached skill level 1 in Armour
   986 | D:2      | Reached skill level 5 in Ranged Weapons
  1292 | D:2      | Reached XP level 4. HP: 27/27 MP: 4/4
  1298 | D:2      | Reached skill level 3 in Fighting
  1375 | D:2      | Noticed Robin
  1404 | D:2      | Killed Robin
  1453 | D:2      | Found Zuroun's Magic Scroll Emporium.
  1461 | D:2      | 1461 ||| SHOPLISTING 3 scrolls of identify (78 gold, have
                  | 64).
  1461 | D:2      | 1461 ||| SHOPLISTING scroll of acquirement (676 gold, have
                  | 64).
  1461 | D:2      | 1461 ||| SHOPLISTING scroll of enchant weapon (97 gold,
                  | have 64).
  1461 | D:2      | 1461 ||| BUYING scroll of identify (26 gold).
  1461 | D:2      | Bought a scroll of identify for 26 gold pieces
  1461 | D:2      | 1461 ||| BUYING scroll of identify (26 gold).
  1461 | D:2      | Bought a scroll of identify for 26 gold pieces
  1461 | D:2      | 1461 ||| SHOPLISTING scroll of identify (26 gold, have 12).
  1533 | D:2      | 1533 ||| UPGRADING to +0 pair of gloves.
  1538 | D:2      | 1538 ||| UPGRADING to +0 helmet.
  1543 | D:2      | 1543 ||| UPGRADING to ring of see invisible.
  1544 | D:2      | 1544 ||| READING scroll labelled FUN FIXITA.
  1545 | D:2      | 1545 ||| READING scroll labelled KEANNI CITHROHE.
  1546 | D:2      | 1546 ||| DRINKING 2 fizzy purple potions.
  1547 | D:2      | 1547 ||| READING 3 scrolls of identify.
  1547 | D:2      | 1547 ||| IDENTIFYING puce potion
  1548 | D:2      | 1548 ||| READING 2 scrolls of identify.
  1548 | D:2      | 1548 ||| IDENTIFYING bubbling red potion
  1549 | D:2      | 1549 ||| DROPPING potion of attraction.
  1660 | D:3      | Reached XP level 5. HP: 19/32 MP: 5/5
  1829 | D:3      | Found a stormy altar of Qazlal.
  1830 | D:3      | 1830 ||| RETREATING.
  1838 | D:3      | 1838 ||| Stepping ~*~*~tactically~*~*~ (retreating).
  1840 | D:3      | Reached skill level 6 in Ranged Weapons
  1840 | D:3      | 1840 ||| DRINKING potion of curing.
  1840 | D:3      | 1840 ||| (to cure confusion)
  2150 | D:3      | Found a bloodstained altar of Trog.
  2261 | D:3      | 2261 ||| READING scroll labelled TUYMUY ZONWO.
  2335 | D:4      | 2335 ||| STAIRDANCE
  2347 | D:4      | 2347 ||| STAIRDANCE
  2353 | D:3      | Reached XP level 6. HP: 35/38 MP: 6/6
  2438 | D:4      | Noticed an orc warrior
  2450 | D:4      | HP: 8/38 [orc warrior/+0 flail (8)]
  2451 | D:4      | Slain by an orc warrior

Levels and vault maps discovered:
D:1:      dpeg_arrival_rhombus, layout_basic
D:2:      layout_loops_cross, serial_shops, shop, shapermc_ecumenical_altar_gd,
          uniq_robin
D:3:      layout_basic, nicolae_qazlal_general_emergency,
          overflow_temple_1_default
D:4:      layout_rooms, mainiacjoe_overflow_small_starburst,
          minmay_temple_entry_drinking_statues, gammafunk_ghost_gnarly_gnolls,
          grunt_decor_arrowhead

Skill      XL: |  1  2  3  4  5  6 |
---------------+-------------------+-----
Armour         | 1 |  1.0
Ranged Weapons | 5 6 |  6.2
Fighting       | 3 4 |  4.1
Dodging        | |  1.5
Stealth        | |  1.1

Action                     |  1- 3 |  4- 6 || total
---------------------------+-------+-------++-------
   Fire: Shortbow          |   115 |   163 ||   278
    Use: Scroll            |     2 |     5 ||     7
         Potion            |     1 |     2 ||     3
 Armour: Leather armour    |     6 |       ||     6
         Ring mail         |    39 |    91 ||   130
  Dodge: Dodged            |    43 |    77 ||   120

Table legend:
 A = Non-vault XP
 B = Vault XP
 C = Vault XP percentage of total XP
 D = Non-vault monster count
 E = Vault monster count
 F = Vault count percentage of total count
                 A         B        C        D         E       F
            +---------+---------+-------+---------+---------+-------
      Total |     304 |      37 |  10.9 |      65 |      12 |  15.6
            +---------+---------+-------+---------+---------+-------
        D:1 |      29 |       0 |   0.0 |      17 |       0 |   0.0
        D:2 |      57 |      37 |  39.4 |      19 |      12 |  38.7
        D:3 |     198 |       0 |   0.0 |      25 |       0 |   0.0
        D:4 |      20 |       0 |   0.0 |       4 |       0 |   0.0
            +---------+---------+-------+---------+---------+-------
